 Dungeon Crawl Stone Soup version 0.21.1-1-g345015f (webtiles) character file.

3383 Kurtz the Grappler (level 9, -13/68 HPs)
             Began as a Mummy Monk on Mar 23, 2018.
             Mangled by a two-headed ogre
             ... wielding a +0 giant club
              (19 damage)
             ... on level 6 of the Dungeon.
             The game lasted 00:19:29 (19403 turns).

Kurtz the Grappler (Mummy Monk)                    Turns: 19403, Time: 00:19:30

Health: -13/68     AC:  4    Str: 17    XL:     9   Next: 74%
Magic:  9/9        EV: 14    Int:  9    God:
Gold:   294        SH:  0    Dex: 20    Spells: 8/8 levels left

rFire    . . .     SeeInvis .     - Unarmed
rCold    + . .     Gourm    .   (no shield)
rNeg     + + +     Faith    .   (no armour)
rPois    ∞         Spirit   .   (no helmet)
rElec    +         Reflect  .   a - +0 cloak
rCorr    .         Harm     .   c - +2 pair of gloves
MR       +....                  (no boots)
Stlth    ++........             (no amulet)
HPRegen  0.21/turn              w - ring of protection from fire
MPRegen  0.11/turn              p - ring of the Equinox {rElec rN+ Dex+5}

@: no status effects
A: no food or potions, fire vulnerability, cold resistance 1, negative energy
resistance 3, torment resistance, unbreathing
a: no special abilities


You were on level 6 of the Dungeon.
You were not hungry.

You visited 1 branch of the dungeon, and saw 9 of its levels.

You collected 378 gold pieces.
You spent 84 gold pieces at shops.

Inventory:

Missiles
 e - 63 bolts (quivered)
Armour
 a - a +0 cloak (worn)
 c - a +2 pair of gloves (worn)
 A - a scarf of repulsion
Jewellery
 i - an uncursed ring of see invisible
 j - an uncursed ring of resist corrosion
 k - an uncursed ring of stealth
 p - the ring of the Equinox (right hand) {rElec rN+ Dex+5}
   (You found it on level 4 of the Dungeon)

   [ring of positive energy]

   It affects your dexterity (+5).
   It insulates you from electricity.
   It protects you from negative energy.
 w - a ring of protection from fire (left hand)
 x - an uncursed ring of ice
Wands
 n - a wand of paralysis (29)
 o - a wand of random effects (37)
 s - a wand of polymorph (25)
Scrolls
 b - 2 scrolls of fear {unknown}
 d - 4 scrolls of identify
 g - 4 scrolls of amnesia
 h - 4 scrolls of enchant armour {unknown}
 l - 2 scrolls of remove curse
 m - a scroll of enchant weapon {unknown}
 q - 3 scrolls of magic mapping {unknown}
 r - 2 scrolls of teleportation
 t - 5 scrolls of immolation {unknown}
 u - 3 scrolls of blinking {unknown}
 y - a scroll of fog {unknown}
 z - a scroll of noise {unknown}
 B - 2 scrolls of random uselessness {unknown}
Potions
 f - 3 potions of haste
Comestibles
 v - 8 rations


   Skills:
 - Level 5.0 Fighting
 * Level 3.3 Dodging
 - Level 1.5 Stealth
 * Level 11.1 Unarmed Combat


You had 8 spell levels left.
You didn't know any spells.

Dungeon Overview and Level Annotations

Branches:
Dungeon (9/15)             Temple (0/1) D:7
   Lair: D:8-11         Orc: D:9-12

Altars:
Dithmenos
Elyvilon
Makhleb
Nemelex Xobeh
Okawaru
Ru

Shops:
D:4 *[%   D:9 *

Annotations:
D:3 Rehabilitation's ghost, amateur FeBe
D:6 exclusion: sky beast
D:9 exclusions: centaur and wolf, Grum


Innate Abilities, Weirdness & Mutations

You do not eat or drink.
Your flesh is vulnerable to fire.
You are immune to poison.
Your flesh is cold resistant. (rC+)
You are immune to negative energy. (rN+++)
You are immune to unholy pain and torment.
You can survive without breathing.


Message History

A two-headed ogre is nearby!
The two-headed ogre shouts in stereo!
Found a wooden wand.
There is an open door here.
Found 14 gold pieces.
The two-headed ogre hits you with a giant club.
The two-headed ogre closely misses you.
You see here 14 gold pieces.
There is an open door here.
There is an open door here.
There is a stone staircase leading up here.
The two-headed ogre hits you with a giant club!!
The two-headed ogre hits you with a giant spiked club!!
You climb upwards.
Level annotation: exclusion: sky beast
There is a stone staircase leading down here.
The two-headed ogre hits you with a giant club!!
* * * LOW HITPOINT WARNING * * *
The two-headed ogre hits you with a giant spiked club!!
You die...

########## #........# ##########
########........########........#
..............................#.#
...............O@............>#o#
#...............######.#.##<#.#.#
#.######........# #.#.##.#.#.#
#.# #........# #.#.##.#.#.. ..#
#........# #.#.##.#.### #.#
####'##### #.#......# #.# #.# ###
#|####'#####
#.#########.#####.####.###....##.
..............................##.


You could see a two-headed ogre.

Vanquished Creatures
  Sigmund (D:3)
  A spriggan (D:8)
  A wyvern (D:8)
  A hungry ghost (D:9)
  Menkaure (D:5)
  2 ice beasts
  2 sky beasts
  2 ogres
  A phantom (D:8)
  A necrophage (D:9)
  2 wolves
  3 centaurs
  A crocodile (D:8)
  The ghost of Larett the Sneak, an amateur OpAs of Ashenzari (D:6)
  4 bullfrogs
  2 big kobolds
  A scorpion (D:8)
  A killer bee (D:8)
  4 wights (D:8)
  A bullfrog zombie (D:8)
  A crimson imp (D:6)
  A jelly (D:6)
  2 hounds (D:8)
  5 orc wizards
  3 orc priests (D:7)
  2 bullfrog skeletons
  2 iguanas
  4 worker ants
  6 adders
  3 shadow imps
  2 oozes
  2 adder skeletons (D:5)
  2 worms
  3 dart slugs
  6 leopard geckos
  19 orcs
  3 giant cockroaches
  7 goblins
  3 hobgoblins
  9 jackals
  14 kobolds
  3 quokkas
  2 ball pythons (D:1)
  4 bats
  9 frilled lizards
  A giant cockroach zombie (D:5)
  A leopard gecko skeleton (D:9)
  2 quokka skeletons (D:7)
  A rat (D:1)
155 creatures vanquished.

Notes
Turn   | Place    | Note
-------+----------+-------------------------------------------
     0 | D:1      | Kurtz the Mummy Monk began the quest for the Orb.
     0 | D:1      | Reached XP level 1. HP: 18/18 MP: 1/1
   930 | D:1      | Reached XP level 2. HP: 19/24 MP: 2/2
   959 | D:1      | Reached skill level 3 in Unarmed Combat
  1711 | D:2      | Reached XP level 3. HP: 29/29 MP: 3/3
  3541 | D:3      | Noticed Rehabilitation's ghost (amateur FeBe)
  3748 | D:4      | Found Qeekk's General Store.
  3764 | D:4      | Found Toreid's Armour Boutique.
  3848 | D:4      | Found Tezxej's Food Shop.
  4213 | D:4      | Got a flickering tin ring
  4215 | D:4      | Identified the ring of the Equinox {rElec rN+ Dex+5} (You found it on level 4 of the Dungeon)
  4357 | D:4      | Reached skill level 4 in Unarmed Combat
  4655 | D:3      | Reached XP level 4. HP: 35/35 MP: 4/4
  4801 | D:3      | Noticed an ogre
  5678 | D:5      | Entered Level 5 of the Dungeon
  7706 | D:4      | Reached XP level 5. HP: 33/41 MP: 5/5
  8641 | D:4      | Reached skill level 5 in Unarmed Combat
  8682 | D:5      | Noticed a centaur
  8702 | D:5      | HP: 2/41 [centaur (7)]
  8703 | D:5      | Killed a centaur
  8703 | D:5      | Reached XP level 6. HP: 2/47 MP: 6/6
  9251 | D:5      | Found a sparkling altar of Nemelex Xobeh.
  9297 | D:6      | Noticed a sky beast
  9597 | D:6      | Found a burning altar of Makhleb.
  9604 | D:6      | Found a white marble altar of Elyvilon.
  9821 | D:6      | Found a shadowy altar of Dithmenos.
  9962 | D:6      | Reached skill level 6 in Unarmed Combat
 10182 | D:6      | Noticed Larett's ghost (amateur OpAs)
 10238 | D:7      | Reached XP level 7. HP: 9/52 MP: 7/7
 10508 | D:6      | Killed Larett's ghost
 10614 | D:6      | Reached skill level 7 in Unarmed Combat
 11953 | D:7      | Reached XP level 8. HP: 52/58 MP: 8/8
 11988 | D:8      | Reached skill level 8 in Unarmed Combat
 12354 | D:5      | Noticed Menkaure
 12619 | D:5      | Killed Menkaure
 12718 | D:3      | Noticed Sigmund
 12838 | D:3      | Killed Sigmund
 12838 | D:3      | Reached skill level 9 in Unarmed Combat
 14358 | D:8      | Reached XP level 9. HP: 35/66 MP: 9/9
 14786 | D:8      | Reached skill level 10 in Unarmed Combat
 14853 | D:8      | Noticed a two-headed ogre
 16303 | D:9      | Found Gerooxta's General Store.
 16310 | D:9      | Bought a scroll of teleportation for 42 gold pieces
 16310 | D:9      | Bought a scroll of remove curse for 42 gold pieces
 16408 | D:9      | Found an iron altar of Okawaru.
 16724 | D:9      | Noticed Grum
 18791 | D:8      | Reached skill level 5 in Fighting
 18926 | D:8      | Reached skill level 11 in Unarmed Combat
 19012 | D:9      | Noticed a troll
 19180 | D:7      | Found a staircase to the Ecumenical Temple.
 19297 | D:7      | Found a sacrificial altar of Ru.
 19403 | D:6      | Mangled by a two-headed ogre

Skill      XL: |  1  2  3  4  5  6  7  8  9 |
---------------+----------------------------+-----
Unarmed Combat | 3 4 5 6 7 9 11 | 11.1
Dodging        | 3 |  3.3
Fighting       | 4 5 |  5.0
Stealth        | |  1.5

Action                   |  1- 3 |  4- 6 |  7- 9 || total
-------------------------+-------+-------+-------++-------
Melee: Unarmed           |   179 |   176 |   404 ||   759
       Punch             |     5 |     6 |    25 ||    36
  Use: Scroll            |     2 |       |     1 ||     3
 Stab: Sleeping          |     8 |     3 |     5 ||    16
       Distracted        |       |       |     1 ||     1
Armor: Skin              |    32 |    23 |    55 ||   110
Dodge: Dodged            |   113 |   108 |   254 ||   475
       Deflected         |       |       |     1 ||     1
